 Dungeon Crawl Stone Soup version 0.30-a0-358-g0d69a1922f (webtiles) character file.

Game seed: 6162891018460317663

634 Elric the Poker (level 7, -6/88 HPs)
             Began as a Minotaur Berserker on Nov 9, 2022.
             Was a Priest of Trog.
             Mangled by an ogre
             ... wielding a +0 giant club
              (13 damage)
             ... on level 5 of the Dungeon.
             The game lasted 00:05:24 (3517 turns).

Elric the Poker (Minotaur Berserker)                Turns: 3517, Time: 00:05:27

Health: -6/88      AC: 23    Str: 23    XL:     7   Next: 25%
Magic:  6/6        EV:  2    Int:  7    God:    Trog [***...]
Gold:   146        SH:  0    Dex: 10    Spells: 6/6 levels left

rFire   . . .      SeeInvis .    n - +9 quarterstaff "Ytocen" {protect, rN+ Int+3}
rCold   . . .      Faith    .    (shield currently unavailable)
rNeg    + . .      Spirit   .    (body armour currently unavailable)
rPois   +          Reflect  .    (helmet currently unavailable)
rElec   .          Harm     .    (cloak currently unavailable)
rCorr   .          Rampage  .    (gloves currently unavailable)
Will    .....      NoTele   +    (boots currently unavailable)
Stlth   +.........               (no amulet)
HPRegen 0.34/turn                (no ring)
MPRegen 0.10/turn                (no ring)

@: brilliant, tree-form, on berserk cooldown, attractive, hasted and slowed
A: stationary, stasis, torment immunity, boosted hp, (horns 2), (retaliatory
headbutt), (iridescent scales 1), (cold resistance 1), noise suppression
a: Renounce Religion, Berserk, Trog's Hand


You were on level 5 of the Dungeon.
You worshipped Trog.
Trog was most pleased with you.
You were a tree.
You visited 1 branch of the dungeon, and saw 5 of its levels.

You collected 146 gold pieces.

Inventory:

Hand Weapons
 a - a +0 hand axe
 f - a +1 vorpal mace
 n - the +9 quarterstaff "Ytocen" (weapon) {protect, rN+ Int+3}
   (You found it on level 3 of the Dungeon)

   It grants its wielder temporary protection when it strikes (+7 to AC).
   Int:       It affects your intelligence (+3).
   rN:        It protects you from negative energy.
Armour
 b - a +0 animal skin
 o - a +0 cloak
 p - a +0 ring mail (melded)
 v - a scarf of repulsion (melded)
Jewellery
 w - a ring of resist corrosion
Wands
 t - a wand of digging (7)
Scrolls
 d - 3 scrolls of identify {unknown}
 e - 5 scrolls of teleportation {unknown}
 i - a scroll of amnesia {unknown}
 j - a scroll of poison {unknown}
 k - a scroll of immolation {unknown}
 q - a scroll of enchant armour {unknown}
 u - a scroll of noise {unknown}
Potions
 c - 2 potions of attraction
 g - 3 potions of curing
 l - a potion of lignification
 m - a potion of haste
 r - a potion of degeneration {unknown}


   Skills:
 - Level 4.0 Fighting
 - Level 6.4(7.9) Axes
 + Level 7.1(8.2) Polearms
 - Level 2.9 Armour
 - Level 2.6 Dodging


You had 6 spell levels left.
You didn't know any spells.
Your spell library was empty.

Dungeon Overview and Level Annotations

Branches:
Dungeon (5/15)
 Temple: D:4-7

Altars:
The Shining One

Shops:
D:1 :


Innate Abilities, Weirdness & Mutations

You are a tree.
Your roots penetrate the ground, keeping you stationary.
You cannot be teleported.
You are immune to unholy pain and torment.
Your maximum health is greatly increased.
Your equipment is partially melded.
((You have a pair of horns on your head.))
((You reflexively headbutt those who attack you in melee.))
((You are partially covered in iridescent scales. (AC +2)))
((Your flesh is cold resistant. (rC+)))
You passively dampen the noise of your surroundings.


Message History

Something hits you but does no damage. The ogre completely misses you.
You hear some strange, mumbled words.
A magic dart appears from out of thin air!
The magic dart hits you but does no damage.
Something hits you but does no damage. The ogre attacks as you move away!
The ogre barely misses you.
Items here: )) [[ ††.
An ogre is nearby!
An ogre is nearby!
An ogre is nearby!
The ogre attacks as you move away! The ogre hits you with a +0 giant club!
* * * LOW HITPOINT WARNING * * *
An orc wizard appears from thin air!
Reactivating autopickup.
The orc wizard hits you but does no damage.
It was a potion of lignification.
You turn into a tree.
Your scarf of repulsion melds into your body.
Your +0 ring mail melds into your body.
The haze of the repulsion field disappears.
Your roots penetrate the ground.
The ogre barely misses you.
The orc wizard hits you but does no damage.
It was a potion of attraction.
You feel attractive to monsters.
The orc wizard hits you but does no damage.
The ogre hits you but does no damage.
The orc wizard hits you but does no damage.
It was a potion of haste.
You feel yourself speed up. The ogre hits you with a +0 giant club!
* * * LOW HITPOINT WARNING * * *
The orc wizard casts a spell.
The orc wizard flickers and vanishes!
Deactivating autopickup; reactivate with Ctrl-A.
It was a potion of mutation.
You feel extremely strange.
You feel your surroundings grow quieter.
Iridescent scales grow over part of your body.
You feel resistant to cold. Something hits you.
* * * LOW HITPOINT WARNING * * *
The ogre hits you with a +0 giant club!
You die...

.. .# ..# .. ..
..#.. . ... ... .#
. #.# ##.## ..#
..#..####...##..##.
.......#...........
..........O........
.........♣{†###....
.......<#.)..# .
.#.##..###..## ##.
#....# .. ##.###
... ... #.## #..#
## ####


You could see an ogre.

Vanquished Creatures
  An ogre (D:4)
  A scorpion (D:5)
  A howler monkey (D:5)
  2 orc priests
  2 jellies (D:4)
  Ijyb (D:4)
  Natasha (thrice) (D:3)
  2 orc wizards
  3 gnolls (D:2)
  5 adders
  3 dart slugs
  8 orcs
  4 bats
  11 endoplasms
  2 giant cockroaches
  8 goblins
  12 hobgoblins
  7 quokkas
  8 ball pythons
  3 frilled lizards
  12 kobolds
  8 rats
107 creatures vanquished.

Notes
Turn   | Place    | Note
-------+----------+-------------------------------------------
     0 | D:1      | Elric the Minotaur Berserker began the quest for the Orb.
     0 | D:1      | Reached XP level 1. HP: 19/19 MP: 0/0
    37 | D:1      | Found Dumadof's Vocational Training.
   143 | D:1      | Reached XP level 2. HP: 26/27 MP: 1/1
   172 | D:1      | Found a faded altar of an unknown god.
   173 | D:1      | Noticed a floating eye
   181 | D:1      | Noticed an eye of devastation
   186 | D:1      | Noticed a great orb of eyes
   193 | D:1      | Noticed an eye of devastation
   224 | D:1      | Reached ** piety under Trog
   326 | D:1      | Reached XP level 3. HP: 28/33 MP: 2/2
   699 | D:2      | Reached skill level 5 in Axes
   699 | D:2      | Reached XP level 4. HP: 19/40 MP: 3/3
   940 | D:2      | Found a glowing golden altar of the Shining One.
  1370 | D:3      | Identified the +9 quarterstaff "Ytocen" {protect, rN+
                  | Int+3}
  1412 | D:3      | Reached *** piety under Trog
  1428 | D:3      | Noticed Natasha
  1433 | D:3      | Killed Natasha
  1434 | D:3      | Reached XP level 5. HP: 41/46 MP: 4/4
  1576 | D:3      | Reached skill level 2 in Polearms
  1599 | D:3      | Noticed Natasha
  1606 | D:3      | Killed Natasha
  1607 | D:3      | Reached skill level 3 in Polearms
  1721 | D:3      | Noticed Natasha
  1746 | D:3      | Killed Natasha
  1747 | D:3      | Reached XP level 6. HP: 36/52 MP: 5/5
  1988 | D:4      | Reached skill level 4 in Polearms
  2304 | D:4      | Noticed Ijyb
  2312 | D:4      | Killed Ijyb
  2491 | D:4      | Reached skill level 5 in Polearms
  3483 | D:5      | Entered Level 5 of the Dungeon
  3488 | D:5      | Reached skill level 6 in Polearms
  3506 | D:5      | Reached XP level 7. HP: 17/59 MP: 6/6
  3510 | D:5      | Reached skill level 7 in Polearms
  3517 | D:5      | Gained mutation: You passively dampen the noise of your
                  | surroundings. [potion of mutation]
  3517 | D:5      | Gained mutation: You are partially covered in iridescent
                  | scales. (AC +2) [potion of mutation]
  3517 | D:5      | Gained mutation: Your flesh is cold resistant. (rC+)
                  | [potion of mutation]
  3517 | D:5      | Mangled by an ogre

Illustrated notes

Levels and vault maps discovered:
D:1:      spicycebolla_arrival_xxxplode, layout_basic,
          hellmonk_ecumenical_altar_watching_god, nicolae_shop_vocational
D:2:      layout_rooms, basic_altar, serial_aquarium, aquarium_bridge_straight
          [aquarium_subvault_bridge, aquarium_subvault_window,
          aquarium_subvault_bridge, aquarium_subvault_window],
          aquarium_window_corner, aquarium_window_corridor_1, aquarium_view_4,
          aquarium_balcony_1b
D:3:      layout_rooms, dk_noncrumbling_4, uniq_natasha
D:4:      layout_loops_corners, uniq_ijyb
D:5:      minmay_polygon_palace, layout_cave_pools, serial_shops, shop,
          minmay_crystal_room, uniq_duvessa

Skill      XL: |  1  2  3  4  5  6  7 |
---------------+----------------------+-----
Fighting       | 4 |  4.0
Axes           | 4 5 6 |  6.4
Polearms       | 3 6 7 |  7.1
Armour         | |  2.9
Dodging        | |  2.6

Action                   |  1- 3 |  4- 6 |  7- 9 || total
-------------------------+-------+-------+-------++-------
Melee: Hand axe          |    43 |       |       ||    43
       Mace              |    25 |    53 |       ||    78
       Headbutt          |    10 |    14 |     3 ||    27
       Punch             |     1 |     1 |       ||     2
       Quarterstaff      |       |    78 |     3 ||    81
Invok: Berserk           |     1 |     2 |       ||     3
  Use: Potion            |       |       |     6 ||     6
 Stab: Sleeping          |     2 |       |       ||     2
Armor: Animal skin       |    14 |    14 |       ||    28
       Ring mail         |       |    36 |    12 ||    48
       Skin              |       |       |     4 ||     4
Dodge: Dodged            |    49 |    69 |     7 ||   125
       Repelled          |       |     1 |       ||     1

Table legend: (Time is in decaauts)
 A = Elapsed time spent in this place.
 B = Non-inter-level travel time spent in this place.
 C = Inter-level travel time spent in this place.
 D = Time resting spent in this place.
 E = Time spent auto-exploring this place.
 F = Levels seen in this place.
 G = Mean time per level.
                   A        B        C        D        E       F      G
               +--------+--------+--------+--------+--------+-----+--------+
         Total |   3588 |   3421 |    167 |    143 |   2681 |   5 |  717.6 |
       Dungeon |   3588 |   3421 |    167 |    143 |   2681 |   5 |  717.6 |
               +--------+--------+--------+--------+--------+-----+--------+

Top non-repeatable levels by time:
     D:4: 1517 daAuts
     D:3: 704 daAuts
     D:1: 687 daAuts
     D:2: 638 daAuts
     D:5: 40 daAuts
